General information
- name: BNet
- type: Ladder team game (AT/RT)
- host: Battle.net
- saver: SECRETEAM
map: TwilightRuins
- players: 8
- length: 28:50
- speed: Fast
- version: 1.28 W3XP
- replay type: Public
» download(202 KB)
Players
team 1 (loser)
UnholydreadlorD (
orange | 75 APM | 1817 actions | 24:20)
5 Death Knight
3 Death Coil
2 Unholy Aura
2 Dreadlord
1 Sleep
1 Carrion Swarm
2 Lich
1 Frost Nova
1 Frost Armor
» actions
| Assign group hotkey | 33 | |
| Basic commands | 60 | |
| Build / train | 96 | |
| Enter build submenu | 39 | |
| Enter hero's abilities submenu | 9 | |
| Give item / drop item | 4 | |
| Right click | 578 | |
| Select / deselect | 316 | |
| Select group hotkey | 550 | |
| Use ability | 132 | |
1817 total
» units
| Acolyte | 15 | |
| Ghoul | 4 | |
| Crypt Fiend | 9 | |
| Goblin Shredder | 2 | |
| Obsidian Statue | 2 | |
| Frost Wyrm | 2 | |
| Abomination | 2 | |
| Siege Engine | 8 | |
44 total
» upgrades
| Web | 1 | |
| Destroyer Form | 1 | |
| Creature Attack | 2 | |
| Creature Carapace | 1 | |
| Barrage | 1 | |
| Plating | 1 | |
| Gunpowder | 1 | |
8 total
» buildings
| Crypt | 1 | |
| Graveyard | 1 | |
| Ziggurat | 10 | |
| Altar of Darkness | 1 | |
| Tomb of Relics | 1 | |
| Nerubian Tower | 4 | |
| Halls of the Dead | 2 | |
| Black Citadel | 1 | |
| Slaughterhouse | 2 | |
| Sacrificial Pit | 1 | |
| Blacksmith | 3 | |
| Boneyard | 3 | |
| Workshop | 7 | |
| Farm | 12 | |
| Spirit Tower | 4 | |
| Town Hall | 2 | |
| Necropolis | 2 | |
57 total
» build order
00:08 Crypt
00:18 Graveyard
00:43 Ziggurat
01:01 Altar of Darkness
01:27 Ziggurat
01:54 Tomb of Relics
02:04 Nerubian Tower
02:05 Nerubian Tower
04:21 Ziggurat
05:09 Halls of the Dead
05:47 Nerubian Tower
06:29 Ziggurat
07:43 Black Citadel
09:52 Slaughterhouse
09:55 Sacrificial Pit
09:56 Slaughterhouse
10:44 Blacksmith
10:47 Blacksmith
11:08 Boneyard
11:11 Boneyard
11:13 Boneyard
11:15 Ziggurat
11:17 Ziggurat
11:19 Ziggurat
11:21 Ziggurat
11:39 Workshop
11:40 Workshop
11:41 Workshop
11:42 Workshop
11:45 Farm
11:46 Farm
11:46 Farm
11:47 Farm
11:49 Farm
11:51 Farm
11:53 Farm
11:56 Farm
11:57 Farm
11:59 Farm
12:04 Workshop
12:52 Spirit Tower
12:53 Spirit Tower
12:54 Spirit Tower
12:55 Spirit Tower
13:46 Blacksmith
13:46 Farm
13:47 Farm
14:10 Workshop
14:13 Workshop
19:13 Town Hall
19:24 Town Hall
20:21 Necropolis
20:40 Necropolis
21:38 Ziggurat
21:39 Ziggurat
» items
| Rod of Necromancy | 5 | |
| Sacrificial Skull | 1 | |
| Dust of Appearance | 1 | |
| Potion of Mana | 1 | |
| Potion of Healing | 2 | |
| Scroll of Town Portal | 3 | |
| Scroll of Healing | 1 | |
| Orb of Corruption | 1 | |
| Potion of Lesser Invulnerability | 1 | |
| Boots of Speed | 1 | |
17 total
TRUMP+PENCE2020 (
pink | 63 APM | 549 actions | 08:44)
4 Archmage
2 Summon Water Elemental
2 Brilliance Aura
» actions
| Assign group hotkey | 19 | |
| Basic commands | 19 | |
| Build / train | 34 | |
| Enter build submenu | 13 | |
| Enter hero's abilities submenu | 5 | |
| Give item / drop item | 2 | |
| Right click | 210 | |
| Select / deselect | 157 | |
| Select group hotkey | 56 | |
| Use ability | 34 | |
549 total
» units
| Peasant | 12 | |
| Footman | 4 | |
| Goblin Shredder | 4 | |
20 total
» buildings
| Altar of Kings | 1 | |
| Barracks | 1 | |
| Farm | 4 | |
| Lumber Mill | 1 | |
| Keep | 1 | |
| Town Hall | 1 | |
| Arcane Vault | 1 | |
| Scout Tower | 4 | |
| Guard Tower | 1 | |
| Castle | 1 | |
16 total
» build order
00:38 Altar of Kings
00:39 Barracks
00:50 Farm
00:58 Farm
01:05 Farm
01:36 Farm
03:04 Lumber Mill
03:37 Keep
04:26 Town Hall
05:16 Arcane Vault
05:20 Scout Tower
05:22 Scout Tower
05:24 Scout Tower
05:25 Scout Tower
06:17 Guard Tower
06:18 Castle
» items
| Scroll of Regeneration | 3 | |
| Mechanical Critter | 3 | |
6 total
SECRETEAM (
purple | 104 APM | 3008 actions | 28:50)
7 Archmage
2 Summon Water Elemental
2 Brilliance Aura
2 Blizzard
1 Mass Teleport
4 Blood Mage
2 Flame Strike
2 Banish
» actions
| Assign group hotkey | 122 | |
| Basic commands | 156 | |
| Build / train | 153 | |
| ESC pressed | 39 | |
| Enter build submenu | 43 | |
| Enter hero's abilities submenu | 12 | |
| Give item / drop item | 5 | |
| Right click | 1006 | |
| Select / deselect | 470 | |
| Select group hotkey | 771 | |
| Use ability | 231 | |
3008 total
» units
| Peasant | 10 | |
| Footman | 7 | |
| Goblin Shredder | 3 | |
| Sorceress | 3 | |
| Goblin Sapper | 4 | |
| Gryphon Rider | 5 | |
| Dragonhawk Rider | 3 | |
35 total
» upgrades
| Masonry | 4 | |
| Sorceress Training | 2 | |
| Priest Training | 2 | |
| Swords | 3 | |
| Animal War Training | 1 | |
| Storm Hammers | 1 | |
| Cloud | 1 | |
| Armor | 3 | |
17 total
» buildings
| Altar of Kings | 1 | |
| Barracks | 1 | |
| Farm | 12 | |
| Lumber Mill | 1 | |
| Arcane Vault | 1 | |
| Keep | 4 | |
| Town Hall | 1 | |
| Arcane Sanctum | 2 | |
| Scout Tower | 14 | |
| Castle | 4 | |
| Guard Tower | 24 | |
| Arcane Tower | 1 | |
| Gryphon Aviary | 3 | |
| Blacksmith | 2 | |
71 total
» build order
00:39 Altar of Kings
00:41 Barracks
00:50 Farm
01:05 Farm
01:46 Farm
01:53 Lumber Mill
02:14 Arcane Vault
03:10 Keep
03:10 Keep
03:11 Keep
04:36 Town Hall
05:01 Farm
06:44 Arcane Sanctum
06:49 Scout Tower
07:19 Castle
07:19 Castle
07:19 Castle
07:24 Scout Tower
07:25 Scout Tower
07:26 Scout Tower
07:57 Guard Tower
07:59 Arcane Tower
10:37 Scout Tower
10:37 Scout Tower
10:38 Scout Tower
10:52 Arcane Sanctum
10:57 Scout Tower
10:57 Scout Tower
10:58 Scout Tower
11:00 Scout Tower
11:00 Scout Tower
11:14 Guard Tower
11:14 Guard Tower
11:14 Guard Tower
11:17 Guard Tower
11:17 Guard Tower
11:18 Guard Tower
11:21 Gryphon Aviary
11:24 Gryphon Aviary
12:12 Gryphon Aviary
12:42 Blacksmith
13:07 Blacksmith
13:24 Guard Tower
13:24 Guard Tower
13:24 Guard Tower
13:44 Scout Tower
13:45 Scout Tower
14:16 Guard Tower
14:17 Guard Tower
14:17 Guard Tower
14:17 Guard Tower
14:17 Guard Tower
17:20 Farm
17:20 Farm
17:21 Farm
17:22 Farm
17:23 Farm
18:29 Farm
18:30 Farm
18:31 Farm
» items
| Scroll of Regeneration | 4 | |
| Mechanical Critter | 5 | |
| Staff of Teleportation | 2 | |
| Periapt of Vitality | 2 | |
| Lesser Clarity Potion | 2 | |
| Circlet of Nobility | 1 | |
| Scroll of Healing | 1 | |
| Potion of Lesser Invulnerability | 1 | |
| Potion of Mana | 3 | |
| Pendant of Energy | 2 | |
| Potion of Invisibility | 2 | |
| Tome of Retraining | 1 | |
| Staff of Sanctuary | 1 | |
| Scroll of Town Portal | 2 | |
| Orb of Corruption | 1 | |
30 total

»
pol (
teal | 72 APM | 1726 actions | 24:08)
9 Death Knight
3 Death Coil
3 Unholy Aura
1 Animate Dead
2 Death Pact
» actions
| Build / train | 64 | |
| ESC pressed | 1 | |
| Enter build submenu | 28 | |
| Enter hero's abilities submenu | 9 | |
| Give item / drop item | 1 | |
| Remove unit from queue | 10 | |
| Right click | 1178 | |
| Select / deselect | 360 | |
| Use ability | 75 | |
1726 total
» units
| Acolyte | 3 | |
| Ghoul | 5 | |
| Crypt Fiend | 12 | |
| Frost Wyrm | 5 | |
25 total
» upgrades
| Creature Attack | 3 | |
| Creature Carapace | 3 | |
| Web | 1 | |
| Freezing Breath | 1 | |
8 total
» buildings
| Ziggurat | 9 | |
| Altar of Darkness | 1 | |
| Crypt | 1 | |
| Graveyard | 1 | |
| Nerubian Tower | 1 | |
| Tomb of Relics | 1 | |
| Halls of the Dead | 2 | |
| Spirit Tower | 2 | |
| Black Citadel | 1 | |
| Sacrificial Pit | 1 | |
| Farm | 1 | |
| Gryphon Aviary | 1 | |
| Barracks | 1 | |
| Boneyard | 4 | |
27 total
» build order
00:20 Ziggurat
00:23 Altar of Darkness
00:41 Crypt
01:00 Graveyard
01:12 Ziggurat
01:39 Nerubian Tower
01:53 Tomb of Relics
03:27 Ziggurat
04:44 Ziggurat
07:09 Halls of the Dead
07:09 Halls of the Dead
08:15 Spirit Tower
09:44 Black Citadel
09:51 Ziggurat
09:54 Ziggurat
09:58 Ziggurat
10:09 Sacrificial Pit
10:37 Farm
10:42 Gryphon Aviary
10:48 Barracks
11:38 Spirit Tower
12:18 Boneyard
12:18 Boneyard
12:20 Boneyard
12:27 Boneyard
15:18 Ziggurat
15:20 Ziggurat
» items
| Rod of Necromancy | 1 | |
| Dust of Appearance | 1 | |
| Potion of Healing | 1 | |
| Orb of Corruption | 1 | |
4 total
team 2 (winner)
TdotStar (
green | 68 APM | 1929 actions | 28:11)
5 Mountain King
3 Storm Bolt
2 Bash
5 Paladin
2 Holy Light
3 Divine Shield
2 Blood Mage
1 Banish
1 Siphon Mana
1 Archmage
1 Summon Water Elemental
» actions
| Assign group hotkey | 51 | |
| Build / train | 105 | |
| Enter build submenu | 32 | |
| Enter hero's abilities submenu | 14 | |
| Give item / drop item | 8 | |
| Right click | 677 | |
| Select / deselect | 502 | |
| Select group hotkey | 354 | |
| Use ability | 185 | |
1929 total
» units
| Peasant | 18 | |
| Footman | 5 | |
| Sorceress | 4 | |
| Gryphon Rider | 7 | |
| Priest | 2 | |
| Knight | 2 | |
| Dragonhawk Rider | 2 | |
40 total
» upgrades
| Swords | 2 | |
| Armor | 3 | |
| Animal War Training | 2 | |
| Storm Hammers | 1 | |
| Sorceress Training | 2 | |
| Priest Training | 1 | |
| Masonry | 1 | |
| Magic Sentry | 1 | |
13 total
» buildings
| Barracks | 1 | |
| Altar of Kings | 1 | |
| Farm | 21 | |
| Scout Tower | 6 | |
| Arcane Tower | 3 | |
| Town Hall | 1 | |
| Arcane Vault | 1 | |
| Keep | 1 | |
| Lumber Mill | 1 | |
| Blacksmith | 1 | |
| Castle | 1 | |
| Arcane Sanctum | 2 | |
| Gryphon Aviary | 3 | |
43 total
» build order
00:19 Barracks
00:25 Altar of Kings
00:34 Farm
00:36 Farm
01:49 Farm
02:01 Scout Tower
02:10 Farm
02:34 Arcane Tower
03:30 Town Hall
03:39 Arcane Vault
04:18 Keep
04:28 Scout Tower
05:06 Farm
05:09 Lumber Mill
05:26 Arcane Tower
06:16 Farm
06:40 Blacksmith
06:45 Castle
10:24 Arcane Sanctum
10:39 Gryphon Aviary
10:41 Gryphon Aviary
10:42 Gryphon Aviary
12:08 Farm
12:09 Farm
12:10 Farm
12:10 Farm
12:11 Farm
13:07 Farm
13:07 Farm
13:08 Farm
15:25 Farm
15:25 Farm
16:25 Scout Tower
16:27 Arcane Sanctum
16:57 Scout Tower
16:59 Scout Tower
17:01 Scout Tower
18:20 Arcane Tower
24:47 Farm
24:50 Farm
25:49 Farm
25:50 Farm
» items
| Scroll of Regeneration | 2 | |
| Lesser Clarity Potion | 3 | |
| Book of the Dead | 1 | |
| Ring of Regeneration | 1 | |
| Gloves of Haste | 1 | |
| Scroll of Town Portal | 9 | |
| Circlet of Nobility | 2 | |
| Scroll of Speed | 1 | |
| Orb of Fire | 1 | |
| Potion of Mana | 2 | |
| Periapt of Vitality | 1 | |
| Scroll of Protection | 1 | |
| Scroll of Healing | 1 | |
| Potion of Lesser Invulnerability | 1 | |
| Potion of Healing | 1 | |
28 total
hjd999 (
blue | 62 APM | 537 actions | 08:39)
3 Archmage
1 Summon Water Elemental
2 Brilliance Aura
1 Paladin
1 Holy Light
» actions
| Assign group hotkey | 5 | |
| Basic commands | 66 | |
| Build / train | 57 | |
| Enter build submenu | 12 | |
| Enter hero's abilities submenu | 4 | |
| Give item / drop item | 1 | |
| Right click | 96 | |
| Select / deselect | 177 | |
| Select group hotkey | 80 | |
| Use ability | 39 | |
537 total
» units
| Peasant | 16 | |
| Footman | 16 | |
| Sorceress | 2 | |
| Priest | 2 | |
36 total
» upgrades
» buildings
| Altar of Kings | 1 | |
| Barracks | 1 | |
| Farm | 5 | |
| Scout Tower | 1 | |
| Arcane Tower | 8 | |
| Keep | 2 | |
| Blacksmith | 1 | |
| Lumber Mill | 1 | |
| Arcane Sanctum | 1 | |
| Workshop | 1 | |
| Castle | 2 | |
24 total
» build order
00:11 Altar of Kings
00:13 Barracks
00:16 Farm
00:56 Farm
01:17 Scout Tower
01:44 Arcane Tower
01:44 Arcane Tower
01:44 Arcane Tower
01:45 Arcane Tower
02:43 Keep
03:29 Farm
03:42 Blacksmith
05:02 Lumber Mill
05:22 Arcane Sanctum
05:41 Farm
07:32 Workshop
07:37 Farm
07:56 Castle
07:56 Castle

»
perverted_texas (
yellow | 35 APM | 988 actions | 28:32)
3 Beastmaster
1 Summon Bear
2 Summon Hawk
2 Naga Sea Witch
1 Frost Arrows
1 Forked Lightning
» actions
| Basic commands | 61 | |
| Build / train | 90 | |
| Enter build submenu | 50 | |
| Enter hero's abilities submenu | 5 | |
| Remove unit from queue | 2 | |
| Right click | 323 | |
| Select / deselect | 375 | |
| Use ability | 82 | |
988 total
» units
| Peon | 18 | |
| Grunt | 8 | |
| Demolisher | 4 | |
| Troll Batrider | 8 | |
| Shaman | 1 | |
| Tauren | 6 | |
| Troll Headhunter/Berserker | 2 | |
| Raider | 7 | |
| Priest | 3 | |
| Sorceress | 2 | |
| Knight | 2 | |
| Wind Rider | 5 | |
66 total
» upgrades
| Liquid Fire | 1 | |
| Burning Oil | 1 | |
| Reinforced Defenses | 1 | |
| Berserker Upgrade | 0 | |
| Shaman Training | 1 | |
4 total
» buildings
| Altar of Storms | 3 | |
| Barracks | 1 | |
| Orc Burrow | 11 | |
| War Mill | 2 | |
| Stronghold | 2 | |
| Voodoo Lounge | 1 | |
| Watch Tower | 8 | |
| Great Hall | 1 | |
| Beastiary | 2 | |
| Fortress | 1 | |
| Spirit Lodge | 1 | |
| Tauren Totem | 4 | |
| Town Hall | 1 | |
| Farm | 1 | |
| Scout Tower | 3 | |
| Guard Tower | 2 | |
44 total
» build order
00:22 Altar of Storms
00:41 Barracks
00:44 Orc Burrow
01:58 Orc Burrow
02:48 War Mill
03:21 Orc Burrow
03:39 Stronghold
04:12 Voodoo Lounge
05:29 Watch Tower
06:05 Great Hall
06:09 Watch Tower
07:26 Watch Tower
07:27 Watch Tower
07:35 Orc Burrow
10:00 Beastiary
10:12 Orc Burrow
10:22 Fortress
10:27 Watch Tower
10:30 Watch Tower
10:34 Watch Tower
11:42 Watch Tower
13:34 Beastiary
15:16 Spirit Lodge
15:35 Tauren Totem
15:38 Tauren Totem
17:55 Tauren Totem
18:01 Orc Burrow
18:27 Altar of Storms
18:37 Tauren Totem
18:41 Orc Burrow
19:07 Orc Burrow
19:25 Town Hall
20:36 Farm
20:54 Scout Tower
20:58 Scout Tower
21:37 Guard Tower
21:38 Scout Tower
22:07 Orc Burrow
23:29 Guard Tower
24:08 Orc Burrow
24:17 Orc Burrow
24:21 Altar of Storms
25:15 Stronghold
25:19 War Mill
» items
| Periapt of Vitality | 1 | |
| Circlet of Nobility | 1 | |
| Potion of Lesser Invulnerability | 1 | |
| Scroll of Healing | 1 | |
| Scroll of Protection | 1 | |
| Boots of Speed | 1 | |
6 total
trump-speech (
red | 65 APM | 1871 actions | 28:50)
5 Blademaster
3 Wind Walk
2 Critical Strike
» actions
| Assign group hotkey | 39 | |
| Basic commands | 49 | |
| Build / train | 63 | |
| Enter build submenu | 34 | |
| Enter hero's abilities submenu | 5 | |
| Give item / drop item | 3 | |
| Right click | 739 | |
| Select / deselect | 238 | |
| Select group hotkey | 541 | |
| Use ability | 159 | |
1871 total
» units
| Peon | 15 | |
| Goblin Shredder | 2 | |
| Goblin Sapper | 3 | |
| Troll Batrider | 11 | |
| Wind Rider | 2 | |
33 total
» upgrades
| Reinforced Defenses | 1 | |
| Ranged Weapons | 2 | |
| Armor | 2 | |
| Envenomed Spears | 1 | |
| Liquid Fire | 1 | |
7 total
» buildings
| Altar of Storms | 1 | |
| Orc Burrow | 6 | |
| War Mill | 1 | |
| Voodoo Lounge | 1 | |
| Watch Tower | 33 | |
| Stronghold | 2 | |
| Fortress | 1 | |
| Great Hall | 2 | |
| Beastiary | 5 | |
52 total
» build order
00:08 Altar of Storms
00:20 Orc Burrow
00:38 War Mill
01:14 Voodoo Lounge
01:54 Watch Tower
02:14 Watch Tower
02:50 Watch Tower
03:32 Stronghold
03:39 Watch Tower
04:00 Orc Burrow
04:11 Watch Tower
04:33 Orc Burrow
05:49 Watch Tower
05:49 Watch Tower
06:00 Fortress
07:04 Great Hall
07:07 Watch Tower
07:08 Watch Tower
07:08 Watch Tower
07:09 Watch Tower
07:26 Watch Tower
07:48 Beastiary
08:06 Beastiary
09:46 Great Hall
09:48 Watch Tower
09:49 Watch Tower
09:49 Watch Tower
09:50 Watch Tower
10:07 Beastiary
10:11 Beastiary
10:34 Beastiary
11:01 Watch Tower
11:02 Watch Tower
11:03 Watch Tower
11:04 Watch Tower
11:15 Orc Burrow
13:43 Orc Burrow
13:45 Orc Burrow
15:23 Watch Tower
15:24 Watch Tower
15:24 Watch Tower
19:31 Watch Tower
19:31 Watch Tower
19:32 Watch Tower
19:35 Watch Tower
23:11 Watch Tower
23:12 Watch Tower
24:06 Watch Tower
24:13 Watch Tower
24:14 Watch Tower
24:14 Watch Tower
» items
| Healing Salve | 2 | |
| Lesser Clarity Potion | 2 | |
| Orb of Lightning | 1 | |
| Scroll of Town Portal | 2 | |
| Potion of Lesser Invulnerability | 1 | |
| Staff of Teleportation | 1 | |
| Boots of Speed | 1 | |
| Tiny Great Hall | 1 | |
11 total
Chat log
(00:26 / Allies) pol: 100g plz
(00:28 / Allies) UnholydreadlorD: 100g plz?
(00:31 / Allies) UnholydreadlorD: rank 1 here
(00:34 / All) TRUMP+PENCE2020: pol is always right
(01:29 / Allies) pol: dk fiends to wyrms
(05:33 / All) trump-speech: like that pro micro, roger?
(05:43 / All) UnholydreadlorD: nice move
(05:57 / All) trump-speech: can u leave me alone i jsut want to do idle hero?
(07:57 / Allies) pol: heal my dk plz
(07:59 / Allies) pol: ty
(08:31 / All) pol: Wtf are u doing red
(08:39 / All) pol: D
(08:44 / All) trump-speech: or teal
(08:45 / All) SECRETEAM: why do people keep dropping in games
(09:18 / All) pol: 3v3
(09:21 / All) pol: i mean 2v4
(09:22 / All) pol: shit
(09:24 / All) pol: wait 3v3
(09:25 / All) pol: fuck im high
(11:09 / Allies) SECRETEAM: who got pink
(11:14 / Allies) pol: not me
(11:24 / Allies) UnholydreadlorD: me
(13:35 / Allies) pol: yellows got catapults
(13:39 / Allies) pol: hes gonna hit purp or pink while we defend
(14:39 / Allies) pol: wood plz
(18:11 / All) trump-speech: y not just leave me alone oj
(21:22 / All) TdotStar: lol so lucky i tpd without my gryphs
(21:26 / All) TdotStar: playing at work ftl
(21:30 / All) pol: wtf
(21:37 / All) SECRETEAM: what's wrong teal
(23:07 / Allies) pol: wait
(23:09 / Allies) pol: did purp backstab me?
(23:17 / Allies) SECRETEAM: no pink did
(23:23 / All) pol: dude
(23:39 / Allies) pol: why the fuck u playing this game u nigger faggot bitch boy
(23:50 / Allies) SECRETEAM: to kill the enemy players
(23:52 / Allies) SECRETEAM: just like you
(24:26 / All) trump-speech: lawl
(24:29 / All) trump-speech: this game was so gay
(24:30 / All) TdotStar: lawl
(24:30 / All) SECRETEAM: wow they left fast
(24:37 / All) trump-speech: just dgreen left
(24:44 / All) perverted_texas: just green
(24:51 / All) trump-speech: i say just givegreen win im tired
(24:56 / All) SECRETEAM: GREEN TIME FOR YOU TO LEAVE
(24:58 / All) SECRETEAM: AND GO BACK TO WORK
(25:31 / All) SECRETEAM: we done for the night after this one?
(25:38 / All) trump-speech: ya
(25:41 / All) SECRETEAM: wow my aoe is gonna rape greens food supply
(25:59 / All) SECRETEAM: green what's your food at now
(26:26 / All) trump-speech: kill my bats
(27:33 / All) TdotStar: lawl
(27:36 / All) SECRETEAM: you lose
(28:05 / All) TdotStar: im at work getting paid much more than youll likely ever make
(28:09 / All) TdotStar: so i win irl LOL
(28:10 / All) SECRETEAM: what are you doing
(28:12 / All) trump-speech: lawl
(28:17 / All) SECRETEAM: I've heard that story lots before
(28:18 / All) trump-speech: we are very insulted
(28:20 / All) perverted_texas: lynch squad baby
(28:36 / All) SECRETEAM: what team loses
(28:38 / All) SECRETEAM: stats?
(28:42 / All) SECRETEAM: oh orange is rank 1
(28:42 / All) trump-speech: oj loss he rank 1